 Dungeon Crawl Stone Soup version 0.18-a0-1637-g109f206 (webtiles) character file.

788 dohliylev the Stinger (level 7, -5/40 HPs)
             Began as a Gargoyle Venom Mage on Mar 26, 2016.
             Was an Initiate of Elyvilon.
             Slain by a large abomination (18 damage)
             ... on level 1 of the Abyss.
             The game lasted 00:31:47 (3606 turns).

dohliylev the Stinger (Gargoyle Venom Mage)         Turns: 3606, Time: 00:31:48

Health: -5/40      AC: 11    Str: 12    XL:     7   Next: 87%
Magic:  13/13      EV: 12    Int: 17    God:    Elyvilon [......]
Gold:   336        SH:  0    Dex: 10    Spells: 3 memorised, 6 levels left

rFire  . . .     SeeInvis .     l - +2 dagger (venom)
rCold  . . .     Gourm    .     q - +0 robe
rNeg   + . .     Faith    .     (no shield)
rPois  ∞         Spirit   .     (no helmet)
rElec  +         Dismiss  .     s - +0 cloak
rCorr  .         Reflect  .     h - +0 pair of gloves
SustAt .         Harm     .     x - +2 pair of boots
MR     .....                    (no amulet)
Stlth  ++........               (no ring)
                                (no ring)

@: not resistant to hostile enchantments, unstealthy
A: negative energy resistance 1, electricity resistance, unbreathing,
petrification resistance, rot immunity, AC +4
a: Renounce Religion


You were on level 1 of the Abyss.
You worshipped Elyvilon.
Elyvilon was noncommittal.
You were not hungry.

You visited 1 branch of the dungeon, and saw 7 of its levels.
You visited the Abyss 1 time.
You also visited: Sewer.

You collected 336 gold pieces.

Inventory:

Hand Weapons
 l - a +2 dagger of venom (weapon)
 r - a +3 spear
 u - a +0 mace of crushing
 w - a +0 antimagic morningstar
 C - a +2 glaive of venom
Missiles
 y - 5 curare-tipped needles
Armour
 h - a +0 pair of gloves (worn)
 n - a +2 buckler
 q - a +0 robe (worn)
 s - a +0 cloak (worn)
 x - a +2 pair of boots (worn)
Wands
 v - a wand of flame (17/48)
Scrolls
 a - a scroll of amnesia {unknown}
 d - 8 scrolls of identify {unknown}
 g - 2 scrolls of immolation {unknown}
 j - 3 scrolls of blinking {unknown}
 k - 2 scrolls of recharging {unknown}
 t - a scroll of remove curse {unknown}
Potions
 e - 3 potions of curing {unknown}
 f - a potion of resistance {unknown}
 m - 2 potions of invisibility {unknown}
 o - a potion of haste {unknown}
 p - a potion of cancellation {unknown}
 A - 2 potions of flight {unknown}
 B - 2 potions of heal wounds {unknown}
Books
 b - a Young Poisoner's Handbook

   Spells                             Type                      Level
   a - Sting                          Conjuration/Poison           1
   b - Cure Poison                    Poison                       2
   c - Mephitic Cloud                 Conjuration/Poison/Air       3
   d - Olgreb's Toxic Radiance        Poison                       4
   e - Venom Bolt                     Conjuration/Poison           5
Miscellaneous
 z - a plain deck of war
Comestibles
 c - 5 bread rations
 i - a slice of pizza
 D - a chunk of flesh
 E - a meat ration


   Skills:
 + Level 2.0 Fighting
 + Level 1.4 Short Blades
 + Level 3.3 Dodging
 - Level 2.3 Stealth
 + Level 4.2 Spellcasting
 + Level 3.1 Conjurations
 + Level 0.4 Air Magic
 + Level 6.0 Poison Magic


You had 6 spell levels left.
You knew the following spells:

 Your Spells              Type           Power        Failure   Level  Hunger
a - Sting                 Conj/Pois      ###.         2%          1    None
b - Mephitic Cloud        Conj/Pois/Air  ##......     14%         3    ###....
c - Olgreb's Toxic Radia  Pois           ###.....     14%         4    ####...


Dungeon Overview and Level Annotations

Branches:
Dungeon (8/15)             Temple (0/1) D:7
   Lair: D:8-11

Altars:
Cheibriados
Elyvilon
Kikubaaqudgha
Nemelex Xobeh
Okawaru
Yredelemnul
Zin

Annotations:
D:4 Sigmund


Innate Abilities, Weirdness & Mutations

You are resistant to torment.
Your stone body is resilient (AC +4).
You are immune to poison.
You resist negative energy.
You are resistant to electric shocks.
You can survive without breathing.
You are immune to petrification.
You are immune to rotting.


Message History

Moving in this stuff is going to be slow.
Found 40 gold pieces.
A large abomination comes into view.
Found 47 gold pieces.
Found a scroll labeled ORCHAF FAEPN.
You see here 47 gold pieces.
You now have 336 gold pieces (gained 47).
The large abomination hits you!!
Ouch! That really hurt!
* * * LOW HITPOINT WARNING * * *
The large abomination closely misses you.
The large abomination closely misses you.
A thrashing horror comes into view.
The thrashing horror moves out of view.
The large abomination barely misses you.
Found a lumpy purple potion.
Found a scroll labeled IRUQAI VAPH.
The thrashing horror roars!
The large abomination hits you!!
You die...

####### ## #.....##.#
§#..@#..# ..# #....#X#.#
.. #.#.##.X# #. #
###.##.#.....# ##.#.##
#####....#.#.##.. .
.#.###.#..##..#..?.# ..
...#.........#....#..
..#..#.#.#......##...##..
# .. ....#.# #.. ...#.###


You could see a thrashing horror and a large abomination.

Vanquished Creatures
  A centaur (D:7)
  A big kobold (Sewer)
  A scorpion (D:5)
  A crimson imp (D:5)
  A hound (D:7)
  2 orc priests (D:5)
  A giant frog skeleton (D:4)
  Ijyb (D:2)
  Jessica (D:2)
  Terence (D:3)
  4 orc wizards
  A worker ant (D:5)
  A killer bee zombie (D:5)
  4 gnolls (D:2)
  6 adders
  A shadow imp (D:5)
  2 oozes
  An adder zombie (D:7)
  A worm (D:2)
  2 dart slugs (D:1)
  A giant gecko (D:3)
  21 orcs
  4 giant cockroaches
  5 goblins
  5 hobgoblins
  5 jackals
  2 quokkas
  2 ball pythons
  6 bats
  A giant cockroach zombie (D:4)
  3 giant newts
  7 kobolds
  11 rats
107 creatures vanquished.

Notes
Turn   | Place    | Note
--------------------------------------------------------------
     0 | D:1      | dohliylev the Gargoyle Venom Mage began the quest for the Orb.
     0 | D:1      | Reached XP level 1. HP: 10/10 MP: 3/3
   335 | D:1      | Reached XP level 2. HP: 12/15 MP: 1/5
   731 | D:2      | Noticed Ijyb
   731 | D:2      | Noticed Jessica
   809 | D:2      | Reached XP level 3. HP: 18/20 MP: 4/6
   814 | D:2      | Learned a level 3 spell: Mephitic Cloud
  1035 | D:2      | Found an iron altar of Okawaru.
  1035 | D:2      | Found a snail-covered altar of Cheibriados.
  1036 | D:2      | Found a basalt altar of Yredelemnul.
  1235 | D:2      | Killed Ijyb
  1235 | D:2      | Reached skill level 5 in Poison Magic
  1235 | D:2      | Reached XP level 4. HP: 24/24 MP: 5/7
  1241 | D:2      | Killed Jessica
  1454 | D:2      | Reached skill level 1 in Fighting
  1455 | D:2      | Reached skill level 1 in Conjurations
  1455 | D:2      | Reached XP level 5. HP: 17/29 MP: 0/8
  1813 | D:3      | Learned a level 4 spell: Olgreb's Toxic Radiance
  1961 | D:3      | Found a white marble altar of Elyvilon.
  2050 | D:3      | Found an ancient bone altar of Kikubaaqudgha.
  2056 | D:3      | Noticed Terence
  2066 | D:3      | Killed Terence
  2160 | D:3      | Reached XP level 6. HP: 34/34 MP: 2/10
  2162 | D:3      | Reached skill level 1 in Short Blades
  2528 | D:4      | Noticed Sigmund
  2569 | D:5      | Entered Level 5 of the Dungeon
  2723 | D:5      | Found a sparkling altar of Nemelex Xobeh.
  2737 | D:5      | Became a worshipper of Nemelex Xobeh the Trickster
  2767 | D:5      | Received a gift from Nemelex Xobeh
  2849 | D:5      | Reached XP level 7. HP: 3/38 MP: 2/12
  2906 | D:5      | Found a glowing drain.
  2946 | Sewer    | Entered a sewer
  3116 | Sewer    | Found a white marble altar of Elyvilon.
  3126 | Sewer    | Fell from the grace of Nemelex Xobeh
  3126 | Sewer    | Became a worshipper of Elyvilon the Healer
  3385 | D:5      | You fall through a shaft for 3 floors!
  3408 | D:7      | Reached skill level 6 in Poison Magic
  3473 | D:7      | Found a staircase to the Ecumenical Temple.
  3535 | D:7      | Found a glowing silver altar of Zin.
  3541 | D:7      | Cast into level 1 of the Abyss (drawing a card)
  3569 | Abyss:1  | Noticed a large abomination
  3599 | Abyss:1  | Noticed a thrashing horror
  3606 | Abyss:1  | Slain by a large abomination

Vault maps used:
D:1:      ncdulo_wetmaze
D:2:      gammafunk_temple_overflow_claw, minmay_misc_feat_secret_circle,
          roderic_filled_cross, uniq_iyjb, uniq_jessica
D:3:      lemuel_doored_altar, overflow_temple_1_default, first_bread,
          uniq_terence
D:4:      serial_shops, shop, serial_undead, serial_undead_d, serial_undead_a,
          serial_undead_a, serial_undead_b, item_on_display_a, uniq_sigmund
D:5:      nicolae_ru_path_of_blood, gup_sewer_entry_glass, serial_park_tiny_1,
          nemelex_xobeh_ov_fountains_minmay
D:7:      zin_academy, xom_redecorated, lemuel_crystal_altar,
          minmay_temple_entry_crystal_x, trog_hazing_becter, uniq_menkaure
D:8:      kennysheep_mini, blue_anna_alchemist, uniq_gastronok
Abyss:1:  evilmike_abyss_exit_chaos
Sewer:    sewer_kobolds

Skill      XL: |  1  2  3  4  5  6  7 |
---------------+----------------------+-----
Poison Magic   | 5 6 |  6.0
Dodging        | 2 3 |  3.3
Fighting       | 1 2 |  2.0
Conjurations   | 1 2 3 |  3.1
Spellcasting   | 3 4 |  4.2
Short Blades   | 1 |  1.4
Stealth        | |  2.3
Air Magic      | |  0.4

Action                   |  1- 3 |  4- 6 |  7- 9 || total
-------------------------+-------+-------+-------++-------
Melee: Unarmed           |    24 |       |       ||    24
       Dagger            |    38 |    90 |    68 ||   196
 Cast: Sting             |    28 |    21 |    25 ||    74
       Mephitic Cloud    |     2 |     9 |     3 ||    14
       Olgreb's Toxic Ra |       |     6 |     2 ||     8
 Stab: Sleeping          |     1 |       |     2 ||     3
       Confused          |       |     2 |       ||     2
  Eat: Chunk             |     2 |     6 |       ||     8
       Meat ration       |       |       |     1 ||     1
